 Dungeon Crawl Stone Soup version 0.31-a0-851-g7ff8af7976 (webtiles) character file.

Game seed: 1050714879250006921

1407 pokeman the Thaumaturge (level 8, -8/44 HPs)
             Began as a Deep Elf Hedge Wizard on Oct 7, 2023.
             Was a Follower of Vehumet.
             Mangled by an ogre
             ... wielding a +0 giant spiked club
              (24 damage)
             ... on level 7 of the Dungeon.
             The game lasted 00:12:51 (7499 turns).

pokeman the Thaumaturge (Deep Elf Hedge Wizard)     Turns: 7499, Time: 00:12:52

Health: -8/44      AC:  7    Str:  7    XL:     8   Next: 42%
Magic:  11/23      EV: 13    Int: 22    God:    Vehumet [*.....]
Gold:   394        SH:  0    Dex: 14    Spells: 8/26 levels left

rFire   . . .        r - +3 short sword (venom)
rCold   . . .        (no shield)
rNeg    . . .        b - +0 robe
rPois   .            E - +1 helmet
rElec   .            C - +2 cloak
rCorr   .            (no gloves)
SInv    +            (no boots)
Will    .....        (no amulet)
Stlth   ++           m - ring of see invisible
HPRegen 0.27/turn    y - ring of flight
MPRegen 0.18/turn

%: no passive effects
@: flying, very slightly contaminated
A: no striking features
a: Renounce Religion


You were on level 7 of the Dungeon.
You worshipped Vehumet.
Vehumet was aware of your devotion.
You visited 1 branch of the dungeon, and saw 7 of its levels.

You collected 394 gold pieces.

Inventory:

Hand Weapons
 r - a +3 short sword of venom (weapon)
Armour
 b - a +0 robe (worn)
 C - a +2 cloak (worn)
 E - a +1 helmet (worn)
Jewellery
 m - a ring of see invisible (left hand)
 y - a ring of flight (right hand)
 z - an amulet of reflection
 F - a ring of willpower
Wands
 h - a wand of light (18)
 u - a wand of flame (5)
 A - a wand of charming (7)
Scrolls
 c - a scroll of fear {unknown}
 i - 2 scrolls of teleportation {unknown}
 k - 2 scrolls of vulnerability {unknown}
 n - a scroll of enchant weapon {unknown}
 o - a scroll of noise {unknown}
 p - a scroll of amnesia {unknown}
 s - a scroll of brand weapon {unknown}
 t - 4 scrolls of identify {unknown}
 w - a scroll of blinking {unknown}
 x - a scroll of revelation {unknown}
Potions
 a - a potion of attraction {unknown}
 d - 3 potions of magic
 e - 3 potions of curing {unknown}
 f - a potion of degeneration {unknown}
 g - a potion of enlightenment {unknown}
 j - 2 potions of lignification {unknown}
 l - 5 potions of heal wounds {unknown}
 q - 2 potions of ambrosia {unknown}
 v - a potion of might {unknown}
 B - a potion of berserk rage {unknown}
 D - a potion of brilliance {unknown}


   Skills:
 - Level 2.0 Fighting
 + Level 1.8 Armour
 - Level 4.0 Dodging
 - Level 3.0 Stealth
 * Level 9.6 Spellcasting
 + Level 5.0 Conjurations
 - Level 1.1 Summonings
 - Level 1.1 Translocations
 + Level 3.5 Fire Magic
 - Level 1.0 Air Magic
 - Level 2.0 Poison Magic
 - Level 1.1 Evocations


You had 8 spell levels left.
You knew the following spells:

 Your Spells              Type           Power      Damage    Failure   Level
a - Magic Dart            Conj           100%       1d8       1%          1
b - Mephitic Cloud        Conj/Pois/Air  22%        N/A       6%          3
c - Call Imp              Summ           30%        N/A       6%          2
d - Blink                 Tloc           30%        N/A       6%          2
e - Foxfire               Conj/Fire      100%       2x1d9     1%          1
f - Volatile Blastmotes   Fire/Tloc      40%        2d13      8%          3
g - Starburst             Conj/Fire      14%        6d6       86%         6

Your spell library contained the following spells:

 Spells                   Type           Power      Damage    Failure   Level
 Kiss of Death            Conj/Necr      84%        2d11      2%          1
 Slow                     Hex            40%        N/A       6%          1
 Cigotuvi's Dreadful Rot  Necr/Pois/Air  30%        N/A       6%          2
 Dazzling Flash           Conj/Hex       42%        N/A       7%          3
 Confusing Touch          Hex            10%        N/A       19%         3
 Dispel Undead            Necr           10%        3d9       54%         4
 Maxwell's Capacitive Co  Air            7%         ∞         100%        8


Dungeon Overview and Level Annotations

Branches:
Dungeon (7/15)             Temple (0/1) D:5

Altars:
Cheibriados
Makhleb
Ru
Trog
Uskayaw
Vehumet
Yredelemnul

Shops:
D:2 (

Portals:
Abyss: D:6

Annotations:
D:6 2 transporters, Bosh's ghost, novice HOFi


Message History

The ogre attacks as it pursues you!
The ogre hits you with a +0 giant spiked club!
* * * LOW HITPOINT WARNING * * *
Casting: Foxfire (safe; 1% risk of failure)
Confirm with . or Enter, or press ? or * to list all spells.
You blink.
Casting: Blink (safe; 6% risk of failure)
Confirm with . or Enter, or press ? or * to list all spells.
You conjure some foxfire!
Your foxfire dissipates!
The foxfire hits the ogre.
The ogre is almost dead.
You feel ready to blink again.
Casting: Foxfire (safe; 1% risk of failure)
Confirm with . or Enter, or press ? or * to list all spells.
Aiming: Mephitic Cloud (dangerous; 6% risk of failure)
Press: ? - help, Shift-Dir - straight line, f - ogre
Aim: an ogre, wielding a +0 giant spiked club (almost dead, chance to affect: 77%)
The ball explodes into a vile cloud!
The stinking cloud engulfs the ogre but does no damage.
The ogre is almost dead.
The stinking cloud engulfs the wight but does no damage.
The ogre is engulfed in noxious fumes.
The ogre appears confused.
Unknown command.
Unknown command.
The ogre barely misses the wight.
The ogre misses the wight.
You see here 6 stones.
Unknown command.
Casting: Mephitic Cloud (dangerous; 6% risk of failure)
Confirm with . or Enter, or press ? or * to list all spells.
You miscast Volatile Blastmotes.
You are very lightly contaminated with residual magic.
Nothing appears to happen.
Unknown command.
You see here 6 stones.
The ogre seems less confused.
The ogre attacks as it pursues you!
The ogre hits you with a +0 giant spiked club!!
Ouch! That really hurt!
You die...

# ##.....## #)# #
##...## #######.#
# ##+## #...z...#
##### #.#
#.####### ....#
#.# #.#
###.####.#### #z#
# #.........# #.#
###..#......# #O#
......#...#.####@#
..#...#..........#
........###.######
.##...### #.#
......#####.#
####........#
##########


You could see an ogre and a wight.

Vanquished Creatures
  Grinder (D:3)
  An ogre (D:5)
  A black bear (D:4)
  3 scorpions
  A bullfrog (D:6)
  A wight (D:7)
  6 hounds
  4 orc priests
  Terence (D:3)
  An iguana (D:6)
  Natasha (thrice) (D:3)
  4 orc wizards (D:6)
  3 gnolls (D:4)
  3 adders
  A shadow imp (D:5)
  3 ufetubi
  2 worms
  4 dart slugs (D:1)
  23 orcs
  10 ball pythons
  5 bats
  8 endoplasms
  2 giant cockroaches (D:1)
  8 goblins
  11 hobgoblins
  4 jackals
  3 quokkas
  3 frilled lizards
  7 kobolds
  5 rats
132 creatures vanquished.

Vanquished Creatures (others)
  32 foxfires
32 creatures vanquished.

Grand Total: 164 creatures vanquished

Notes
Turn   | Place    | Note
-------+----------+-------------------------------------------
     0 | D:1      | pokeman the Deep Elf Hedge Wizard began the quest for the
                  | Orb.
     0 | D:1      | Reached XP level 1. HP: 10/10 MP: 7/7
   309 | D:1      | Reached XP level 2. HP: 15/15 MP: 4/9
   771 | D:1      | Reached skill level 5 in Spellcasting
   963 | D:1      | Reached XP level 3. HP: 20/20 MP: 3/11
   967 | D:1      | Learned a level 3 spell: Mephitic Cloud
   970 | D:1      | Learned a level 2 spell: Call Imp
   973 | D:1      | Learned a level 2 spell: Blink
  1575 | D:2      | Reached skill level 1 in Fighting
  1575 | D:2      | Reached skill level 1 in Armour
  1701 | D:2      | Found Kumugih's Antique Weapon Shop.
  1764 | D:2      | Found a faded altar of an unknown god.
  1841 | D:2      | Reached XP level 4. HP: 25/25 MP: 6/13
  2537 | D:3      | Noticed Grinder
  3070 | D:3      | Noticed Terence
  3085 | D:3      | Killed Terence
  3086 | D:3      | Reached skill level 6 in Spellcasting
  3195 | D:3      | Reached XP level 5. HP: 25/29 MP: 8/15
  3515 | D:3      | Noticed Natasha
  3525 | D:3      | Killed Natasha
  3803 | D:3      | Learned a level 3 spell: Volatile Blastmotes
  3834 | D:3      | Paralysed by Grinder for 4 turns
  3840 | D:3      | Paralysed by Grinder for 5 turns
  3850 | D:3      | Killed Grinder
  3851 | D:3      | Reached skill level 7 in Spellcasting
  3851 | D:3      | Reached skill level 1 in Poison Magic
  3851 | D:3      | Reached XP level 6. HP: 34/34 MP: 9/18
  4113 | D:3      | Noticed Natasha
  4126 | D:3      | Killed Natasha
  4138 | D:3      | Noticed Natasha
  4150 | D:3      | Killed Natasha
  4331 | D:4      | Found a sacrificial altar of Ru.
  4356 | D:4      | Reached XP level 7. HP: 33/38 MP: 17/20
  4513 | D:4      | Reached skill level 1 in Fire Magic
  4513 | D:4      | Reached skill level 1 in Air Magic
  4513 | D:4      | Reached skill level 1 in Evocations
  4520 | D:4      | Learned a level 6 spell: Starburst
  4709 | D:4      | Found a basalt altar of Yredelemnul.
  4723 | D:4      | Found a snail-covered altar of Cheibriados.
  4963 | D:4      | Reached skill level 8 in Spellcasting
  5376 | D:5      | Entered Level 5 of the Dungeon
  5591 | D:5      | Found a radiant altar of Vehumet.
  5597 | D:5      | Became a worshipper of Vehumet
  5853 | D:5      | Found a staircase to the Ecumenical Temple.
  6014 | D:6      | Reached XP level 8. HP: 26/44 MP: 6/22
  6127 | D:6      | Found a transporter.
  6134 | D:6      | Noticed a smoke demon
  6137 | D:6      | Noticed a rakshasa
  6303 | D:6      | Noticed Bosh's ghost (novice HOFi)
  6314 | D:6      | Found a transporter.
  6592 | D:6      | Reached skill level 9 in Spellcasting
  6718 | D:6      | Found a burning altar of Makhleb.
  6878 | D:6      | Found a hide-covered altar of Uskayaw.
  6894 | D:6      | Found a bloodstained altar of Trog.
  6979 | D:6      | Found a one-way gate to the infinite horrors of the Abyss.
  7058 | D:6      | Reached * piety under Vehumet
  7058 | D:6      | Offered knowledge of Foxfire by Vehumet.
  7061 | D:6      | Learned a level 1 spell: Foxfire
  7472 | D:7      | Reached skill level 5 in Conjurations
  7499 | D:7      | Mangled by an ogre

Illustrated notes

Levels and vault maps discovered:
D:1:      dpeg_arrival_rhombi, layout_loops_cross
D:2:      layout_basic, shapermc_ecumenical_altar_notcrosses, serial_shops, shop
D:3:      layout_basic, uniq_natasha, uniq_grinder, uniq_terence
D:4:      layout_basic, nicolae_ru_sacrificial_ziggurat,
          chequers_temple_overflow_statue_of_worship
D:5:      layout_rooms, nicolae_vehumet_altar_sigil, minmay_temple_entry_wispy
D:6:      layout_loops_corners, makhleb_heckhound_becter,
          mainiacjoe_overflow_swirl, gammafunk_ghost_abyssal_escape
D:7:      layout_loops_corners, okawaru_altar_gauntlet_db, gammafunk_ghost_smash

Skill      XL: |  1  2  3  4  5  6  7  8 |
---------------+-------------------------+-----
Spellcasting   | 5 6 7 8 9 |  9.6
Fighting       | 1 2 |  2.0
Armour         | 1 |  1.8
Conjurations   | 2 3 4 5 |  5.0
Stealth        | 3 |  3.0
Dodging        | 3 4 |  4.0
Poison Magic   | 1 2 |  2.0
Fire Magic     | 2 3 |  3.5
Air Magic      | 1 |  1.0
Evocations     | 1 |  1.1
Summonings     | |  1.1
Translocations | |  1.1

Action                     |  1- 3 |  4- 6 |  7- 9 || total
---------------------------+-------+-------+-------++-------
  Melee: Dagger            |    29 |       |       ||    29
         Punch             |     1 |       |       ||     1
         War axe           |       |     9 |       ||     9
         Short sword       |       |    28 |    43 ||    71
   Cast: Magic Dart        |   102 |    69 |   128 ||   299
         Mephitic Cloud    |       |     7 |    11 ||    18
         Call Imp          |       |     1 |       ||     1
         Volatile Blastmot |       |     3 |     1 ||     4
         Foxfire           |       |       |    21 ||    21
         Blink             |       |       |     1 ||     1
   Stab: Confused          |       |     4 |     1 ||     5
 Armour: Robe              |    33 |    21 |    38 ||    92
  Dodge: Dodged            |    40 |    28 |    36 ||   104

Table legend: (Time is in decaauts)
 A = Elapsed time spent in this place.
 B = Non-inter-level travel time spent in this place.
 C = Inter-level travel time spent in this place.
 D = Time resting spent in this place.
 E = Time spent auto-exploring this place.
 F = Levels seen in this place.
 G = Mean time per level.
                   A        B        C        D        E       F      G
               +--------+--------+--------+--------+--------+-----+--------+
         Total |   7500 |   7087 |    413 |     59 |   6117 |   7 | 1071.4 |
       Dungeon |   7500 |   7087 |    413 |     59 |   6117 |   7 | 1071.4 |
               +--------+--------+--------+--------+--------+-----+--------+

Top non-repeatable levels by time:
     D:3: 1486 daAuts
     D:1: 1453 daAuts
     D:6: 1378 daAuts
     D:4: 1235 daAuts
     D:2: 1203 daAuts
     D:5: 607 daAuts
     D:7: 135 daAuts
